 Dungeon Crawl Stone Soup version 0.29-a0-517-gbdf32494f2 (webtiles) character file.

Game seed: 9455749473874271610

132 ptdevnull the Bolt Thrower (level 5, -1/29 HPs)
             Began as a Kobold Arcane Marksman on May 30, 2022.
             Slain by an orc
             ... wielding a +0 trident
              (8 damage)
             ... on level 3 of the Dungeon.
             The game lasted 00:04:14 (2372 turns).

ptdevnull the Bolt Thrower (Kobold Arcane Marksman) Turns: 2372, Time: 00:04:15

Health: -1/29      AC:  2    Str:  7    XL:     5   Next: 38%
Magic:  6/6        EV: 15    Int: 14    God:
Gold:   74         SH:  0    Dex: 18    Spells: 2/6 levels left

rFire   . . .      SeeInvis .   b - +0 dagger (venom)
rCold   . . .      Faith    .   (no shield)
rNeg    . . .      Spirit   .   o - +0 robe
rPois   .          Reflect  .   (no helmet)
rElec   .          Harm     .   (no cloak)
rCorr   .          Rampage  .   (no gloves)
Will    .....                   (no boots)
Stlth   +++.......              j - amulet of magic regeneration
HPRegen 0.09/turn               (no ring)
MPRegen 0.50/turn               (no ring)

@: no status effects
A: small, no large weapons, nightstalker 3
a: no special abilities


You were on level 3 of the Dungeon.
You visited 1 branch of the dungeon, and saw 3 of its levels.

You collected 74 gold pieces.

Inventory:

Hand Weapons
 a - a +0 hand crossbow
 b - a +0 dagger of venom (weapon)
Armour
 o - a +0 robe (worn)
Jewellery
 j - an amulet of magic regeneration (around neck)
Wands
 p - a wand of polymorph (7)
Scrolls
 c - 3 scrolls of vulnerability
 i - a scroll of fear {unknown}
 k - a scroll of enchant weapon {unknown}
 l - a scroll of poison {unknown}
 m - a scroll of torment {unknown}
 n - 2 scrolls of identify {unknown}
Potions
 d - a potion of degeneration {unknown}
 e - a potion of might {unknown}
 f - 2 potions of curing
 g - a potion of ambrosia {unknown}
 h - a potion of brilliance
 q - a potion of heal wounds {unknown}
 r - a potion of lignification {unknown}


   Skills:
 - Level 1.1 Fighting
 * Level 6.3 Crossbows
 - Level 2.4 Dodging
 - Level 1.1 Spellcasting
 + Level 3.2 Hexes
 + Level 1.0 Translocations


You had 2 spell levels left.
You knew the following spells:

 Your Spells              Type           Power      Damage    Failure   Level
a - Slow                  Hex            36%        N/A       7%          1
b - Portal Projectile     Hex/Tloc       12%        N/A       32%         3

Your spell library contained the following spells:

 Spells                   Type           Power      Damage    Failure   Level
 Beastly Appendage        Tmut           0%         N/A       26%         1
 Wereblood                Tmut           0%         N/A       36%         2
 Inner Flame              Hex/Fire       5%         N/A       38%         3
 Cause Fear               Hex            4%         N/A       56%         4
 Spider Form              Tmut/Pois      0%         N/A       61%         3


Dungeon Overview and Level Annotations

Branches:
Dungeon (2/15)

Altars:
Vehumet

Annotations:
D:3 Robin


Innate Abilities, Weirdness & Mutations

You are small and have problems with some larger weapons.
You are completely attuned to the shadows.


Message History

The orc wizard casts a spell at you. You resist with some effort.
The orc barely misses you.
You barely miss the orc wizard.
The orc wizard is moderately wounded.
The orc barely misses you.
A hobgoblin comes into view.
You completely miss the orc wizard.
The orc wizard is heavily wounded.
The orc closely misses you.
A hobgoblin comes into view.
A goblin comes into view. It is wielding a +0 club.
The orc wizard closely misses you.
You hit the orc wizard.
The orc wizard is severely wounded.
The orc wizard barely misses you. The orc completely misses you.
You hit the orc wizard but do no damage.
The orc wizard looks as sick as possible!
The orc wizard is severely wounded.
The orc wizard closely misses you.
Robin of the Strong Arm comes into view.
They are wielding a +0 dagger.
The orc barely misses you.
You closely miss the hobgoblin.
You kill the orc wizard!
The orc barely misses you. The hobgoblin misses you.
Your Translocations skill increases to level 1!
Robin shouts!
You hit the hobgoblin but do no damage.
The hobgoblin is poisoned.
You hear a shout! x3
The goblin misses you.
An orc comes into view. It is wielding a +0 whip.
The orc hits you from afar with a +0 trident.
You hit the hobgoblin but do no damage. The goblin misses you.
The orc hits you from afar with a +0 trident.
Robin throws the goblin at you! The hobgoblin barely misses you.
The hobgoblin hits you.
* * * LOW HITPOINT WARNING * * *
You hit the hobgoblin.
You kill the hobgoblin!
The orc hits you from afar with a +0 trident!
You die...

#.....# #PPPPP..##
#.PP♣.♣...# #P.♣♣♣♣...##
.## #.♣ ♣PPP..########
....##. ♣♣♣P♣.#.........
......#♣♣P♣P.P########..
.....g)#.....## ##...
.....og@..##..# #....
...$..#)g..##.# #....
.)....####..#.# #....
......#####.#.### ##...
................# #....
................####....
..............<....
...........##### ..
.............# ..


You could see Robin, an orc, a hobgoblin and a goblin.

Vanquished Creatures
  An orc priest (D:2)
  Ijyb (D:2)
  An orc wizard (D:3)
  4 orcs
  A giant cockroach (D:2)
  8 goblins (D:2)
  4 hobgoblins
  4 jackals
  7 kobolds
  2 quokkas (D:1)
  5 ball pythons
  3 bats (D:1)
  4 frilled lizards
  7 rats
52 creatures vanquished.

Vanquished Creatures (others)
  10 plants (D:1)
10 creatures vanquished.

Grand Total: 62 creatures vanquished

Notes
Turn   | Place    | Note
-------+----------+-------------------------------------------
     0 | D:1      | ptdevnull the Kobold Arcane Marksman began the quest for
                  | the Orb.
     0 | D:1      | Reached XP level 1. HP: 12/12 MP: 2/2
    73 | D:1      | Reached skill level 3 in Crossbows
   100 | D:1      | Reached XP level 2. HP: 10/16 MP: 3/3
   359 | D:1      | Reached skill level 4 in Crossbows
   772 | D:1      | Reached XP level 3. HP: 20/20 MP: 4/4
   970 | D:1      | Learned a level 3 spell: Portal Projectile
  1253 | D:2      | Found a radiant altar of Vehumet.
  1406 | D:2      | Found a faded altar of an unknown god.
  1542 | D:2      | Reached skill level 5 in Crossbows
  1571 | D:2      | Reached XP level 4. HP: 11/25 MP: 1/5
  1919 | D:2      | Noticed Ijyb
  1942 | D:2      | Killed Ijyb
  1943 | D:2      | Reached skill level 6 in Crossbows
  1943 | D:2      | Reached XP level 5. HP: 10/29 MP: 4/6
  2195 | D:2      | You fall into a shaft and drop 1 floor!
  2368 | D:3      | Noticed Robin
  2370 | D:3      | Reached skill level 1 in Translocations
  2372 | D:3      | Slain by an orc

Illustrated notes

Levels and vault maps discovered:
D:1:      minmay_arrival_checkered_box, layout_loops_ring,
          lexackson_kobold_supper
D:2:      kennysheep_the_goblin_king, layout_basic, basic_altar,
          shapermc_ecumenical_altar_notcrosses
D:3:      layout_rooms, serial_forest, infiniplex_forest_end_1,
          infiniplex_forest_split, infiniplex_forest_clump_medium,
          infiniplex_forest_straight_2, infiniplex_forest_straight_2,
          hangedman_decor_clover_reticule, minmay_quantized, uniq_robin

Skill      XL: |  1  2  3  4  5 |
---------------+----------------+-----
Crossbows      | 3 4 5 6 |  6.3
Translocations | 1 |  1.0
Fighting       | |  1.1
Dodging        | |  2.4
Spellcasting   | |  1.1
Hexes          | |  3.2

Action                   |  1- 3 |  4- 6 || total
-------------------------+-------+-------++-------
Melee: Unarmed           |       |    14 ||    14
       Dagger            |       |    11 ||    11
 Fire: Hand crossbow     |    96 |    22 ||   118
 Cast: Slow              |     2 |       ||     2
       Portal Projectile |     1 |     1 ||     2
  Use: Potion            |     2 |       ||     2
Armor: Robe              |     7 |       ||     7
       Skin              |       |     1 ||     1
Dodge: Dodged            |    43 |    37 ||    80

Table legend: (Time is in decaauts)
 A = Elapsed time spent in this place.
 B = Non-inter-level travel time spent in this place.
 C = Inter-level travel time spent in this place.
 D = Time resting spent in this place.
 E = Time spent auto-exploring this place.
 F = Levels seen in this place.
 G = Mean time per level.
                   A        B        C        D        E       F      G
               +--------+--------+--------+--------+--------+-----+--------+
         Total |   2402 |   2349 |     53 |    416 |   1633 |   3 |  800.7 |
       Dungeon |   2402 |   2349 |     53 |    416 |   1633 |   3 |  800.7 |
               +--------+--------+--------+--------+--------+-----+--------+

Top non-repeatable levels by time:
     D:1: 1122 daAuts
     D:2: 1101 daAuts
     D:3: 178 daAuts
